 Dungeon Crawl Stone Soup version 0.16.1-30-g34a7ffa (webtiles) character file.

237 joy the Sneak (level 5, -10/24 HPs)
             Began as a Spriggan Enchanter on June 16, 2015.
             Killed from afar by an orc wizard (13 damage)
             ... with a puff of frost
             ... on level 3 of the Dungeon.
             The game lasted 00:07:11 (3429 turns).

joy the Sneak (Spriggan Enchanter)                  Turns: 3429, Time: 00:07:11

Health: -10/24     AC:  3    Str:  4    XL:     5   Next: 77%
Magic:  14/14      EV: 18    Int: 17    God:
Gold:   169        SH:  0    Dex: 17    Spells: 3 memorised, 3 levels left

rFire  . . .     SeeInvis +     a - +0 dagger (venom)
rCold  . . .     Clarity  .     b - +1 robe
rNeg   . . .     SustAb   .     (shield restricted)
rPois  .         Gourm    .     (helmet restricted)
rElec  .         Spirit   .     (no cloak)
rCorr  .         Warding  .     (gloves unavailable)
rMut   .         Stasis   .     (boots unavailable)
MR     .....                    (no amulet)
Stlth  ++++......               (no ring)
                                (no ring)

@: very quick, not resistant to hostile enchantments, stealthy
A: unfitting armour, see invisible, herbivore 3, speed 3, slow metabolism 2
a: no special abilities


You were on level 3 of the Dungeon.
You were not hungry.

You visited 1 branch of the dungeon, and saw 3 of its levels.

You collected 169 gold pieces.

Inventory:

Hand weapons
 a - a +0 dagger of venom (weapon)
 m - a +0 blowgun
Missiles
 l - 26 poisoned needles
Armour
 b - a +1 robe (worn)
Scrolls
 e - a scroll of enchant weapon {unknown}
 g - a scroll of noise {unknown}
 h - a scroll of enchant armour {unknown}
 i - 2 scrolls of identify {unknown}
 k - 2 scrolls of remove curse {unknown}
 n - a scroll of magic mapping {unknown}
Potions
 f - a potion of heal wounds
 j - a potion of curing
Books
 c - a book of Maledictions

   Spells                             Type                      Level
   a - Corona                         Hexes                        1
   b - Sure Blade                     Hexes/Charms                 2
   c - Ensorcelled Hibernation        Hexes/Ice                    2
   d - Confuse                        Hexes                        3
   e - Dazzling Spray                 Conjuration/Hexes            3
   f - Enslavement                    Hexes                        4
Comestibles
 d - 2 bread rations


   Skills:
 + Level 4.5 Short Blades
 - Level 3.0 Dodging
 + Level 7.8 Stealth
 - Level 2.6 Spellcasting
 - Level 3.6 Hexes


You had 3 spell levels left.
You knew the following spells:

 Your Spells              Type           Power        Failure   Level  Hunger
a - Corona                Hex            ##.....      4%          1    #......
b - Ensorcelled Hibernat  Hex/Ice        #.....       17%         2    ##.....
c - Confuse               Hex            ##......     14%         3    ###....


Dungeon Overview and Level Annotations

Branches:
Dungeon (3/15)

Altars:
Cheibriados
Kikubaaqudgha
Makhleb
Sif Muna
Yredelemnul
Zin

Annotations:
D:3 Grinder


Innate Abilities, Weirdness & Mutations

You are tiny and cannot use many weapons and most armour.
You have supernaturally acute eyesight.
You are a herbivore.
You cover ground extremely quickly.
You need consume almost no food.


Message History

The orc wizard is poisoned.
The orc wizard gestures at you while chanting.
The magic dart hits you! The orc wizard barely misses you.
You closely miss the orc wizard. The orc wizard closely misses you.
The orc completely misses you.
You closely miss the orc wizard.
The orc wizard is lightly wounded.
The orc wizard casts a spell at you. The magic dart hits you!
You hit the orc wizard but do no damage.
The orc wizard is lightly wounded.
The orc closely misses you. The orc wizard closely misses you.
The orc wizard points at you and mumbles some strange words.
The puff of frost hits you!
* * * LOW HITPOINT WARNING * * *
The orc completely misses you. The orc wizard casts a spell at you.
The puff of frost hits you!
Ouch! That really hurt!
You die...

.#..........##.# #.....#.........
......#.###.##.# #.....#.........
.#.####......#.# #.....#.........
.#.##.....#..#.# #.....#.........
.#.##.#...#..#.###.##.##.........
.#.#......#......#.##.##.........
.#.#####..#..###.#.##.##....†....
.#........#..# #.#.##.######.#.#.
.#######..#..# #@#.#.........#.#.
.............###.#.#..########.#.
...................)..........†.>
...............#.#.#..#.######.##
######.#...#.#.#.#.#....######.##
######.#.......#o#.#..#..........
.....#.#..##.###.#.#..#....).....
####.#.#........o.....#..........
#>#.#.......#.#.#.[#.†........


You could see an orc wizard and an orc.

Vanquished Creatures
  An orc wizard (D:3)
  Natasha (D:3)
  A worker ant (D:3)
  3 gnolls (D:3)
  6 adders
  3 worms
  3 giant geckos (D:2)
  An ooze (D:2)
  9 orcs (D:3)
  5 bats
  4 giant cockroaches
  3 goblins
  3 hobgoblins (D:3)
  2 jackals (D:1)
  2 quokkas
  5 giant newts
  3 kobolds
  9 rats
  A spectral orc (D:3)
  2 toadstools (D:1)
67 creatures vanquished.

Vanquished Creatures (others)
  2 toadstools (D:1)
2 creatures vanquished.

Grand Total: 69 creatures vanquished

Notes
Turn   | Place    | Note
--------------------------------------------------------------
     0 | D:1      | joy, the Spriggan Enchanter, began the quest for the Orb.
     0 | D:1      | Reached XP level 1. HP: 9/9 MP: 4/4
   820 | D:2      | Reached skill level 5 in Stealth
   820 | D:2      | Reached XP level 2. HP: 13/13 MP: 7/7
   937 | D:2      | Reached XP level 3. HP: 16/16 MP: 9/9
  1231 | D:2      | Found a deep blue altar of Sif Muna.
  1393 | D:2      | Reached skill level 6 in Stealth
  1556 | D:2      | Learned a level 2 spell: Ensorcelled Hibernation
  1737 | D:2      | Reached XP level 4. HP: 21/21 MP: 12/12
  2233 | D:3      | Found a basalt altar of Yredelemnul.
  2478 | D:3      | Reached skill level 7 in Stealth
  2556 | D:3      | Reached XP level 5. HP: 17/24 MP: 14/14
  2571 | D:3      | Noticed Natasha
  2586 | D:3      | Killed Natasha
  2658 | D:3      | Found a snail-covered altar of Cheibriados.
  2663 | D:3      | Found a glowing silver altar of Zin.
  2666 | D:3      | Found an ancient bone altar of Kikubaaqudgha.
  2676 | D:3      | Found a burning altar of Makhleb.
  3039 | D:3      | Noticed Grinder
  3278 | D:3      | Learned a level 3 spell: Confuse
  3429 | D:3      | Killed from afar by an orc wizard

Action                   |  1- 3 |  4- 6 || total
-------------------------+-------+-------++-------
Melee: Dagger            |    77 |   124 ||   201
  Use: Potion            |       |     2 ||     2
 Stab: Sleeping          |     6 |    12 ||    18
